 Dungeon Crawl Stone Soup version 0.23.2-30-g0e89c35649 (webtiles) character file.

Game seed: 9984698911314003733

32 troglodite the Conjurer (level 3, 0/22 HPs)
             Began as an Octopode Conjurer on June 24, 2019.
             Slain by a hippogriff (9 damage)
             ... on level 2 of the Dungeon.
             The game lasted 00:04:36 (1231 turns).

troglodite the Conjurer (Octopode Conjurer)         Turns: 1231, Time: 00:04:37

Health: 0/22       AC:  1    Str:  7    XL:     3   Next: 25%
Magic:  0/6        EV: 13    Int: 18    God:
Gold:   63         SH:  0    Dex: 12    Spells: 3/6 levels left

rFire    . . .     SeeInvis .   g - +0 dagger (vamp)
rCold    . . .     Gourm    .   (no shield)
rNeg     . . .     Faith    .   (helmet restricted)
rPois    .         Spirit   .   (no amulet)
rElec    .         Reflect  .   l - ring of attention (curse)
rCorr    .         Harm     .   (no ring)
MR       .....                  (no ring)
Stlth    ++........             (no ring)
HPRegen  0.07/turn              (no ring)
MPRegen  0.10/turn              (no ring)
                                (no ring)
                                (no ring)

@: no status effects
A: almost no armour, stealthy swim, amphibious, 8 rings, constrict 8, camouflage
1, gelatinous body 1
a: no special abilities


You were on level 2 of the Dungeon.
You were not hungry.

You visited 1 branch of the dungeon, and saw 2 of its levels.

You collected 63 gold pieces.

Inventory:

Hand Weapons
 f - a +0 club
 g - a +0 vampiric dagger (weapon)
Jewellery
 l - a cursed ring of attention (left tentacle)
Scrolls
 h - a scroll of teleportation {unknown}
 i - a scroll of remove curse {unknown}
 j - a scroll of blinking {unknown}
 k - a scroll of immolation {unknown}
 m - a scroll of enchant weapon {unknown}
Potions
 a - a potion of magic {unknown}
 c - 2 potions of berserk rage {unknown}
 e - 2 potions of degeneration {unknown}
Comestibles
 b - 2 rations
 d - 5 chunks of flesh


   Skills:
 * Level 0.7 Fighting
 + Level 0.1 Maces & Flails
 + Level 2.0 Dodging
 * Level 3.2 Stealth
 * Level 2.1 Spellcasting
 * Level 4.5 Conjurations


You had 3 spell levels left.
You knew the following spells:

 Your Spells              Type           Power        Failure   Level  Hunger
a - Magic Dart            Conj           ###.         2%          1    #......
b - Searing Ray           Conj           ###...       4%          2    ###....

Your spell library contained the following spells:

 Spells                   Type           Power        Failure   Level  Hunger
 Dazzling Spray           Conj/Hex       ##....       22%         3    ###....
 Iskenderun's Mystic Bla  Conj           ###.....     26%         4    #####..
 Force Lance              Conj/Tloc      ##......     56%         4    #####..
 Fulminant Prism          Conj/Hex       ##........   56%         4    #####..


Dungeon Overview and Level Annotations

Branches:
Dungeon (2/15)

Altars:


Innate Abilities, Weirdness & Mutations

You cannot wear most types of armour.
You are very stealthy in the water. (Stealth+)
You are amphibious.
You can wear up to eight rings at the same time.
You can use your tentacles to constrict eight enemies at once.
Your skin changes colour to match your surroundings (Stealth+).
Your rubbery body absorbs attacks. (AC +1, EV +1)


Message History

Aim: a hippogriff (lightly wounded)
The magic dart hits the hippogriff.
The hippogriff is moderately wounded.
Casting: Magic Dart (safe; 2% risk of failure)
Confirm with . or Enter, or press ? or * to list all spells.
Aiming: Magic Dart (safe; 2% risk of failure)
Press: ? - help, Shift-Dir - straight line, f/p - hippogriff
Aim: a hippogriff (moderately wounded)
The magic dart hits the hippogriff.
The hippogriff is moderately wounded.
Casting: Magic Dart (safe; 2% risk of failure)
Confirm with . or Enter, or press ? or * to list all spells.
You don't have enough magic to cast that spell.
Unknown command.
You barely miss the hippogriff.
The hippogriff is moderately wounded.
The hippogriff bites you!
Ouch! That really hurt!
The hippogriff pecks you. The hippogriff claws you!
You die...

#####..####..
.......#...#. .
..#.........##..
.>..............
................
#............#
#.....H...# #[...@..#
####.#### #.# ....# #.#
....<# # #.# ........
#.# #.### .....##.. #.#
#####...##.....##..##..
........................
#.####.................#


You could see a hippogriff.

Vanquished Creatures
  A dart slug (D:1)
  A leopard gecko (D:1)
  A ball python (D:2)
  A giant cockroach (D:1)
  7 goblins (D:1)
  A hobgoblin (D:2)
  4 bats
  2 frilled lizards
  5 kobolds
  8 rats (D:1)
31 creatures vanquished.

Notes
Turn   | Place    | Note
-------+----------+-------------------------------------------
     0 | D:1      | troglodite the Octopode Conjurer began the quest for the
                  | Orb.
     0 | D:1      | Reached XP level 1. HP: 11/11 MP: 3/3
   145 | D:1      | Reached XP level 2. HP: 18/18 MP: 0/5
   152 | D:1      | Learned a level 2 spell: Searing Ray
   657 | D:1      | Reached XP level 3. HP: 22/22 MP: 4/6
  1223 | D:2      | Noticed a hippogriff
  1231 | D:2      | Slain by a hippogriff

Skill      XL: |  1  2 |
---------------+-------+-----
Stealth        | 3 |  3.2
Fighting       | |  0.7
Maces & Flails | |  0.1
Dodging        | |  2.0
Spellcasting   | |  2.1
Conjurations   | |  4.5

Action                   || total
-------------------------++-------
Melee: Club              ||     4
       Dagger            ||    20
       Constrict         ||     5
       Tentacles         ||     3
 Cast: Magic Dart        ||    49
  Use: Scroll            ||     1
 Stab: Sleeping          ||     2
  Eat: Chunk             ||     3
       Ration            ||     1
Armor: Skin              ||     3
Dodge: Dodged            ||    17
